 Dungeon Crawl Stone Soup version 0.30-a0-715-gdb4ae3ece1 (webtiles) character file.

Game seed: 11895211946597773340

44 Darius099 the Ruffian (level 3, 0/36 HPs)
             Began as a Troll Monk on Jan 24, 2023.
             Slain by Robin
             ... wielding a +0 trident
              (6 damage)
             ... on level 2 of the Dungeon.
             The game lasted 00:00:54 (647 turns).

Darius099 the Ruffian (Troll Monk)                   Turns: 647, Time: 00:00:55

Health: 0/36       AC:  5    Str: 19    XL:     3   Next: 41%
Magic:  2/2        EV: 10    Int:  6    God:
Gold:   122        SH:  0    Dex: 14    Spells: 2/2 levels left

rFire   . . .      SeeInvis .      - Unarmed
rCold   . . .      Faith    .    (no shield)
rNeg    . . .      Spirit   .    a - +0 robe
rPois   .          Reflect  .    (helmet restricted)
rElec   .          Harm     .    e - +0 cloak
rCorr   .          Rampage  .    (gloves unavailable)
Will    .....                    (boots unavailable)
Stlth   ++                       (no amulet)
HPRegen 1.06/turn                (no ring)
MPRegen 0.08/turn                (no ring)

@: no status effects
A: large, unfitting armour, claws 3, regeneration 1, shaggy fur 1, tough skin 1
a: no special abilities


You were on level 2 of the Dungeon.
You visited 1 branch of the dungeon, and saw 2 of its levels.

You collected 122 gold pieces.

Inventory:

Armour
 a - a +0 robe (worn)
 e - a +0 cloak (worn)
Scrolls
 d - 2 scrolls of enchant weapon {unknown}
 f - a scroll of summoning {unknown}
 i - a scroll of noise {unknown}
 j - a scroll of identify {unknown}
 k - a scroll of teleportation {unknown}
Potions
 b - a potion of ambrosia
 c - a potion of curing {unknown}
 g - a potion of haste {unknown}
 h - a potion of mutation {unknown}


   Skills:
 + Level 2.8 Fighting
 + Level 2.7 Dodging
 + Level 1.4 Stealth
 + Level 3.4 Unarmed Combat


You had 2 spell levels left.
You didn't know any spells.
Your spell library was empty.

Dungeon Overview and Level Annotations

Branches:
Dungeon (2/15)

Altars:

Shops:
D:1 =

Annotations:
D:2 Robin


Innate Abilities, Weirdness & Mutations

You are too large for most types of armour.
You have claws for hands.
Your natural rate of healing is unusually fast.
You are covered in fur. (AC +1)
You have tough skin. (AC +1)


Message History

The goblin closely misses you. x2; Robin closely misses you.
You barely miss the goblin.
The goblin is moderately wounded.
The goblin no longer looks unusually strong.
The goblin hits you but does no damage. x2
Robin roars a battlecry!
The goblin goes into a battle-frenzy!
You closely miss the goblin.
The goblin is moderately wounded.
The goblin no longer looks unusually strong.
The hobgoblin no longer looks unusually strong.
The goblin hits you with a +0 club.
* * * LOW HITPOINT WARNING * * *
Robin hits you with a +0 trident.
* * * LOW HITPOINT WARNING * * *
The goblin completely misses you.
You closely miss the goblin.
The goblin is moderately wounded.
The goblin no longer looks unusually strong.
The goblin hits you but does no damage. Robin misses you.
The goblin hits you but does no damage.
You barely miss the goblin.
The goblin is moderately wounded.
The goblin hits you with a +0 club.
* * * LOW HITPOINT WARNING * * *
The goblin closely misses you. Robin hits you with a +0 trident.
* * * LOW HITPOINT WARNING * * *
Unknown command.
You closely miss the goblin.
The goblin is moderately wounded.
The goblin barely misses you.
You closely miss the goblin.
The goblin is moderately wounded.
The goblin hits you but does no damage. The goblin misses you.
You scratch the goblin.
You kill the goblin!
Robin closely misses you. The goblin barely misses you.
The goblin attacks as you move away! The goblin hits you but does no damage.
Robin hits you from afar with a +0 trident.
You die...

####...... ........g#
#......... .........#
#......... .........#
#......... .........#
#......... .....!.g.#
#......... ......Kg.#
#.........
......gg#####.........
#######g)@.##.........
####....########
#........# #........#
#........# ########.#
#.# #.## #..#


You could see Robin, a hobgoblin, a goblin and a kobold.

Vanquished Creatures
  3 dart slugs (D:1)
  2 endoplasms (D:1)
  4 giant cockroaches
  6 goblins
  3 hobgoblins (D:2)
  3 jackals (D:2)
  A quokka (D:1)
  4 ball pythons
  4 bats (D:1)
  A frilled lizard (D:1)
  A kobold (D:1)
  2 rats
34 creatures vanquished.

Notes
Turn   | Place    | Note
-------+----------+-------------------------------------------
     0 | D:1      | Darius099 the Troll Monk began the quest for the Orb.
     0 | D:1      | Reached XP level 1. HP: 22/22 MP: 0/0
   230 | D:1      | Found Hodothri's One-of-a-Kind Rings.
   235 | D:1      | Reached XP level 2. HP: 28/29 MP: 1/1
   477 | D:1      | Reached XP level 3. HP: 36/36 MP: 2/2
   622 | D:2      | Noticed Robin
   647 | D:2      | Slain by Robin

Illustrated notes

Levels and vault maps discovered:
D:1:      amcnicky_arrival_abandoned_market, layout_basic,
          nicolae_shop_unique_rings
D:2:      cheibrodos_fertilizer, layout_basic, minivault_5, uniq_robin,
          uniq_crazy_yiuf_cottage, uniq_terence, uniq_natasha

Action                     || total
---------------------------++-------
  Melee: Unarmed           ||    76
         Punch             ||     2
   Stab: Sleeping          ||     6
 Armour: Robe              ||    50
  Dodge: Dodged            ||    66

Table legend: (Time is in decaauts)
 A = Elapsed time spent in this place.
 B = Non-inter-level travel time spent in this place.
 C = Inter-level travel time spent in this place.
 D = Time resting spent in this place.
 E = Time spent auto-exploring this place.
 F = Levels seen in this place.
 G = Mean time per level.
                   A        B        C        D        E       F      G
               +--------+--------+--------+--------+--------+-----+--------+
         Total |    641 |    641 |      0 |      0 |    436 |   2 |  320.5 |
       Dungeon |    641 |    641 |      0 |      0 |    436 |   2 |  320.5 |
               +--------+--------+--------+--------+--------+-----+--------+

Top non-repeatable levels by time:
     D:1: 542 daAuts
     D:2: 99 daAuts
